 Dungeon Crawl Stone Soup version 0.24-a0-203-gf0bc1e94ae (webtiles) character file.

Game seed: 11866819188602479234

814774 Orphidia the Executioner (level 27, -4/248 HPs)
             Began as a Naga Venom Mage on Mar 26, 2019.
             Was the Champion of the Shining One.
             Killed from afar by a Hell Sentinel (40 damage)
             ... with damnation
             ... on level 7 of the Iron City of Dis on Mar 27, 2019.
             The game lasted 04:17:25 (76115 turns).

Orphidia the Executioner (Naga Venom Mage)         Turns: 76115, Time: 04:17:26

Health: -4/248     AC: 44    Str: 12    XL:     27
Magic:  45/45      EV: 20    Int: 33    God:    the Shining One [******]
Gold:   5879       SH:  0    Dex: 18    Spells: 17/62 levels left

rFire    + + +     SeeInvis +   a - +9 executioner's axe (holy) {god gift}
rCold    + . .     Gourm    .   (shield currently unavailable)
rNeg     + + +     Faith    .   V - +7 faerie dragon scales {rElec rPois rCorr Dex+3}
rPois    +         Spirit   .   i - +2 helmet {Int+3}
rElec    +         Reflect  .   W - scarf {rC+ rF+} {god gift}
rCorr    +         Harm     .   X - +2 pair of gloves {archery}
MR       +++++     Clarity  +   o - +7 naga barding "Wack" {rF+++ Int+8}
Stlth    +.........             J - amulet of the Four Winds {rN+ MR+++ Clar}
HPRegen  0.51/turn              b - +6 ring of slaying
MPRegen  0.29/turn              L - +4 ring of evasion

@: very slightly contaminated, hasted, glowing, studying Summonings, quick
A: large, see invisible, deformed body, poison resistance, slowness 2, slow
metabolism 1, spit poison 1, weak 1, constrict 1, AC +9
}: 7/15 runes: barnacled, slimy, silver, obsidian, icy, bone, gossamer
a: Spit Poison, Divine Shield, Cleansing Flame, Summon Divine Warrior, Renounce
Religion


You were on level 7 of the Iron City of Dis.
You worshipped the Shining One.
The Shining One was exalted by your worship.
You were not hungry.

You visited 16 branches of the dungeon, and saw 82 of its levels.
You visited the Abyss 1 time.
You also visited: Bailey.

You collected 9792 gold pieces.
You spent 3913 gold pieces at shops.


Innate Abilities, Weirdness & Mutations

You cannot wear boots.
Your serpentine skin is tough. (AC +9)
You have supernaturally acute eyesight. (SInv)
Armour fits poorly on your strangely shaped body.
Your system is resistant to poisons. (rPois)
You cover ground very slowly.
You have a slow metabolism.
You can spit poison.
You can use your snake-like lower body to constrict enemies.
You are weak. (Str -2)


   Skills:
 + Level 15.1 Fighting
 - Level 26.0 Axes
 + Level 15.0 Armour
 - Level 12.5 Dodging
 - Level 3.0 Stealth
 - Level 18.0 Spellcasting
 - Level 6.1 Conjurations
 - Level 6.0 Charms
 - Level 10.0 Translocations
 - Level 26.0 Air Magic
   Level 9.0 Poison Magic
 - Level 12.0 Invocations
 - Level 9.1 Evocations


You had 17 spell levels left.
You knew the following spells:

 Your Spells              Type           Power        Failure   Level  Hunger
a - Apportation           Tloc           ######       1%          1    None
b - Blink                 Tloc           N/A          1%          2    None
m - Deflect Missiles      Chrm/Air       #######...   1%          6    None
r - Regeneration          Chrm/Necr      #####.....   1%          3    None
s - Swiftness             Chrm/Air       #######.     0%          2    None
A - Lesser Beckoning      Tloc           #######...   1%          3    None
B - Tornado               Air            ########..   3%          9    ######.
C - Lightning Bolt        Conj/Air       #######...   1%          5    None
G - Silence               Hex/Air        #######...   1%          5    None
H - Freezing Cloud        Conj/Ice/Air   #######...   3%          6    None
I - Conjure Flame         Conj/Fire      #####...     1%          3    None

Your spell library contained the following spells:

 Spells                   Type           Power        Failure   Level  Hunger
 Shock                    Conj/Air       ####         0%          1    None
 Poisonous Vapours        Pois/Air       ######       0%          2    None
 Static Discharge         Conj/Air       #######.     0%          3    None
 Animate Skeleton         Necr           N/A          1%          1    None
 Confusing Touch          Hex            ####..       1%          1    None
 Corona                   Hex            ####...      1%          1    None
 Freeze                   Ice            ####         1%          1    None
 Magic Dart               Conj           ####         1%          1    None
 Pain                     Necr           ####         1%          1    None
 Sting                    Conj/Pois      ####         1%          1    None
 Summon Butterflies       Summ           ####....     1%          1    None
 Summon Small Mammal      Summ           ####         1%          1    None
 Searing Ray              Conj           ######       1%          2    None
 Shroud of Golubria       Chrm/Tloc      ######....   1%          2    None
 Throw Frost              Conj/Ice       #####.       1%          2    None
 Dazzling Spray           Conj/Hex       #####.       1%          3    None
 Gell's Gravitas          Tloc           #######...   1%          3    None
 Ignite Poison            Fire/Tmut/Pois #####...     1%          3    None
 Mephitic Cloud           Conj/Pois/Air  #######.     1%          3    None
 Ozocubu's Armour         Chrm/Ice       #####...     1%          3    None
 Portal Projectile        Hex/Tloc       ######       1%          3    None
 Teleport Other           Tloc           #######.     1%          3    None
 Force Lance              Conj/Tloc      ######..     1%          4    None
 Iskenderun's Mystic Bla  Conj           ######..     1%          4    None
 Olgreb's Toxic Radiance  Pois           ######..     1%          4    None
 Passage of Golubria      Tloc           N/A          1%          4    None
 Summon Lightning Spire   Summ/Air       #######.     1%          4    None
 Venom Bolt               Conj/Pois      ######....   1%          5    None
 Conjure Ball Lightning   Conj/Air       #######...   1%          6    None
 Call Imp                 Summ           ####....     2%          2    None
 Corpse Rot               Necr           N/A          2%          2    None
 Ensorcelled Hibernation  Hex/Ice        ####..       2%          2    None
 Passwall                 Tmut/Erth      ####....     2%          2    None
 Slow                     Hex            ####....     2%          2    None
 Sublimation of Blood     Necr           ####......   2%          2    None
 Iskenderun's Battlesphe  Conj/Chrm      ######..     3%          5    None
 Call Canine Familiar     Summ           ####....     4%          3    None
 Confuse                  Hex            ####....     4%          3    None
 Inner Flame              Hex/Fire       ####....     4%          3    None
 Summon Guardian Golem    Hex/Summ       ####....     4%          3    None
 Tukima's Dance           Hex            ####....     4%          3    None
 Vampiric Draining        Necr           ####......   4%          3    None
 Fulminant Prism          Conj/Hex       #####.....   4%          4    None
 Throw Icicle             Conj/Ice       #####...     4%          4    None
 Dispersal                Tloc           #######...   4%          6    None
 Alistair's Intoxication  Tmut/Pois      ######..     7%          5    None
 Bolt of Draining         Conj/Necr      #####.....   13%         5    None
 Excruciating Wounds      Chrm/Necr      #####.....   13%         5    None
 Irradiate                Conj/Tmut      #####.....   13%         5    None
 Animate Dead             Necr           N/A          16%         4    None
 Cause Fear               Hex            ####......   16%         4    None
 Ice Form                 Ice/Tmut       ####....     16%         4    None
 Leda's Liquefaction      Hex/Erth       ####......   16%         4    None
 Petrify                  Tmut/Erth      ####....     16%         4    None
 Summon Ice Beast         Ice/Summ       ####....     16%         4    None
 Agony                    Necr           ####....     41%         5    None
 Dispel Undead            Necr           ####....     41%         5    None
 Lee's Rapid Deconstruct  Erth           ####......   41%         5    None
 Metabolic Englaciation   Hex/Ice        ####......   41%         5    None
 Yara's Violent Unravell  Hex/Tmut       ####......   41%         5    None
 Bolt of Cold             Conj/Ice       #####.....   58%         6    None
 Controlled Blink         Tloc           N/A          86%         8    #####..
 Disjunction              Tloc           #######...   86%         8    #####..
 Malign Gateway           Summ/Tloc      ######....   87%         7    ###....
 Darkness                 Hex            ####......   94%         6    None
 Invisibility             Hex            ####....     94%         6    None
 Ozocubu's Refrigeration  Ice            ####......   94%         6    None
 Shadow Creatures         Summ           N/A          94%         6    None
 Simulacrum               Ice/Necr       ####......   94%         6    None
 Ring of Flames           Chrm/Fire      #####.....   99%         7    ###....
 Monstrous Menagerie      Summ           ####......   100%        7    ###....
 Summon Greater Demon     Summ           ####......   100%        7    ###....
 Ignition                 Fire           ####......   100%        8    #####..
 Summon Horrible Things   Summ           ####......   100%        8    #####..
 Shatter                  Erth           ####......   100%        9    ######.

Action                   |  1- 3 |  4- 6 |  7- 9 | 10-12 | 13-15 | 16-18 | 19-21 | 22-24 | 25-27 || total
-------------------------+-------+-------+-------+-------+-------+-------+-------+-------+-------++-------
Melee: Dagger            |    31 |    77 |       |       |       |       |       |       |       ||   108
       Flail             |       |     6 |   211 |    70 |       |       |       |       |       ||   287
       Battleaxe         |       |       |       |   497 |   742 |  1107 |  1257 |   944 |       ||  4547
       Punch             |       |       |       |     1 |       |       |       |       |       ||     1
       Constrict         |       |       |       |       |   154 |   187 |   194 |   244 |   447 ||  1226
       Executioner's axe |       |       |       |       |       |       |       |   629 |  3279 ||  3908
Throw: Javelin           |       |       |       |    11 |    19 |    16 |       |       |       ||    46
       Throwing net      |       |       |       |     1 |       |       |       |       |       ||     1
 Cast: Sting             |    13 |     7 |       |       |       |       |       |       |       ||    20
       Poisonous Vapours |    20 |    53 |    89 |    93 |    47 |    87 |     1 |     1 |       ||   391
       Olgreb's Toxic Ra |       |     1 |    11 |    69 |    69 |    52 |    16 |       |       ||   218
       Mephitic Cloud    |       |       |     1 |    11 |    11 |     1 |     2 |       |       ||    26
       Venom Bolt        |       |       |       |     4 |    37 |    17 |     8 |    14 |    23 ||   103
       Conjure Flame     |       |       |       |       |       |     8 |     1 |       |     3 ||    12
       Blink             |       |       |       |       |       |       |       |     3 |     5 ||     8
       Deflect Missiles  |       |       |       |       |       |       |       |     6 |    21 ||    27
       Silence           |       |       |       |       |       |       |       |     1 |     2 ||     3
       Lesser Beckoning  |       |       |       |       |       |       |       |       |   123 ||   123
       Tornado           |       |       |       |       |       |       |       |       |     5 ||     5
       Freezing Cloud    |       |       |       |       |       |       |       |       |     4 ||     4
       Apportation       |       |       |       |       |       |       |       |       |     3 ||     3
       Regeneration      |       |       |       |       |       |       |       |       |     2 ||     2
Invok: Heroism           |       |       |     2 |    23 |    24 |    19 |    19 |    19 |     6 ||   112
       Finesse           |       |       |       |       |       |     1 |     4 |     6 |     4 ||    15
       Cleansing Flame   |       |       |       |       |       |       |       |       |     2 ||     2
       Brand Weapon With |       |       |       |       |       |       |       |       |     1 ||     1
 Abil: Spit Poison       |     4 |     4 |     2 |     1 |     1 |       |       |     1 |       ||    13
Evoke: Lamp of fire      |       |       |       |     1 |     2 |     1 |     2 |     2 |     3 ||    11
       Wand              |       |       |       |     1 |    10 |       |     4 |     4 |     5 ||    24
       Phial of floods   |       |       |       |       |     1 |       |       |     1 |     1 ||     3
       Phantom mirror    |       |       |       |       |     1 |       |       |       |       ||     1
       Lightning rod     |       |       |       |       |       |       |     3 |       |       ||     3
  Use: Scroll            |       |     9 |     4 |    16 |    16 |     5 |     8 |    14 |    25 ||    97
       Potion            |       |       |     1 |     4 |     5 |     3 |     6 |     2 |    26 ||    47
 Stab: Sleeping          |     4 |     1 |     2 |     1 |     2 |       |     2 |     3 |     1 ||    16
       Confused          |       |       |       |     7 |    11 |     4 |     2 |       |       ||    24
       Distracted        |       |       |       |     1 |       |       |       |     1 |     2 ||     4
       Paralysed         |       |       |       |     2 |    12 |       |     2 |       |       ||    16
       Invisible         |       |       |       |       |       |    15 |    11 |       |       ||    26
  Eat: Chunk             |     2 |    10 |     8 |    22 |    26 |    14 |     6 |    11 |    16 ||   115
       Ration            |       |       |     1 |     4 |     6 |     6 |     7 |     7 |    12 ||    43
Armor: Robe              |     9 |    34 |   133 |   183 |    47 |       |       |       |       ||   406
       Leather armour    |       |       |       |       |    38 |       |       |       |       ||    38
       Ring mail         |       |       |       |       |   365 |   647 |   560 |   933 |   352 ||  2857
       Acid dragon scale |       |       |       |       |       |       |       |       |  1743 ||  1743
Dodge: Dodged            |    18 |    53 |   189 |   761 |  1052 |  1263 |   879 |  1424 |  2650 ||  8289
       Deflected         |       |       |       |       |       |       |       |    38 |   215 ||   253
Block: Other             |       |       |       |    65 |   133 |   159 |     4 |       |       ||   361
       Reflection        |       |       |       |     1 |     4 |     3 |     1 |       |       ||     9

Inventory:

Hand Weapons
 a - a +9 executioner's axe of holy wrath (weapon) {god gift}
Armour
 i - a +2 helmet of intelligence (worn)
 o - the +7 naga barding "Wack" (worn) {rF+++ Int+8}
   (You acquired it on level 3 of the Elven Halls)

   It affects your intelligence (+8).
   It renders you almost immune to fire.
 V - the +7 faerie dragon scales (worn) {rElec rPois rCorr Dex+3}
   (You took it off the Enchantress on level 5 of the Depths)

   It affects your dexterity (+3).
   It insulates you from electricity.
   It protects you from poison.
   It provides partial protection from all sources of acid and corrosion.
 W - a scarf of resistance (worn) {god gift}
 X - a +2 pair of gloves of archery (worn)
Jewellery
 b - a +6 ring of slaying (left hand)
 m - an uncursed amulet of regeneration
 p - an uncursed ring of flight
 u - a +4 ring of intelligence
 B - an uncursed ring of wizardry
 J - the amulet of the Four Winds (around neck) {rN+ MR+++ Clar}
   (You bought it in a shop on level 3 of the Vaults)

   [amulet of nothing]

   It protects you from negative energy.
   It affects your resistance to hostile enchantments.
   It protects you against confusion.
 L - a +4 ring of evasion (right hand)
 T - an uncursed amulet of magic regeneration
 U - the ring "Simuff" {rC++ MR+ Stlth+}
   (You found it on level 5 of the Pits of Slime)

   [ring of protection from magic]

   It greatly protects you from cold.
   It affects your resistance to hostile enchantments.
   It makes you more stealthy.
Wands
 d - a wand of digging (21)
 G - a wand of iceblast (24)
Scrolls
 e - 19 scrolls of teleportation
 n - 11 scrolls of fog
 y - 8 scrolls of enchant armour
 F - 6 scrolls of magic mapping
 K - 29 scrolls of remove curse
 M - a scroll of summoning
 O - 5 scrolls of fear
 R - 19 scrolls of identify
Potions
 f - 3 potions of ambrosia
 g - 5 potions of heal wounds
 h - a potion of cancellation
 j - 23 potions of curing
 l - 12 potions of flight
 s - 3 potions of magic
 w - 8 potions of mutation
 z - 2 potions of brilliance
 C - 2 potions of might
 D - 3 potions of berserk rage
 H - 7 potions of resistance
 Q - 5 potions of haste
 Z - 3 potions of agility
Books
 A - a manual of Summonings
Miscellaneous
 v - a lightning rod (4/4)
 x - a phial of floods
 N - a lamp of fire
 S - a fan of gales
Comestibles
 c - 47 rations

..........,,,..#****,,,,,,,,,,,,,
.......####,....,,,,,,,,********,
.......#$$#.....,,,,,************
.......'..#.....,,,******,,,,,,**
'###...####......*+***,,,,,,,,,,,
...#............#*,,,*,,,,,,,,,,,
...#...........#**,,,*,,,,,,,,,,,
$|)#..........####,,,*,,,,,*+***,
####.........###@#,,,*,,,,,*,,,*,
,...........###1§#,,,*,,,,,*,,,*,
,..........###9Dz#,,,*,,,,,***+*,
........).###.§4§#,,,*,,,.,,,,,,,
........)#####§§.#,,,*,,..,,,,,,,
*+##.....4...#...#,,,*,C.2,,,,,,,
,,,#....##...#zz1#####T...****,,,
,,,#...#*#..§')z..........+,,*,,,
,,,#...**#####1.z.........*,,*,,,


You could see a Hell Sentinel, an iron dragon, a skeletal warrior and a war
gargoyle.

Vanquished Creatures
  Asmodeus (Geh:7)
  Antaeus (Coc:7)
  the Royal Jelly (Slime:5)
  Ereshkigal (Tar:7)
  Khufu (Crypt:2)
  Mara (Shoals:4)
  Sojobo (Crypt:3)
  3 ancient liches
  A greater mummy (Crypt:2)
  13 shard shrikes
  Frederick (Crypt:2)
  Geryon (Hell)
  Margery (Crypt:3)
  Xtahua (Crypt:2)
  A golden dragon (Depths:3)
  the Enchantress (Depths:5)
  4 bone dragons
  A doom hound (Tar:1)
  7 Brimstone Fiends
  2 Hell Sentinels
  10 Tzitzimimeh
  Rupert (Lair:4)
  An iron giant (Dis:7)
  8 Ice Fiends
  5 tentacled monstrosities
  A quicksilver dragon (Depths:4)
  5 deep elf blademasters
  14 titans
  4 liches
  15 acid blobs
  5 deep elf master archers
  8 storm dragons
  7 sphinxes
  A kraken (Shoals:1)
  10 tengu reavers
  8 ancient champions
  An eldritch tentacle (Dis:6)
  Donald (Vaults:1)
  6 revenants
  4 shadow dragons
  7 deep elf sorcerers
  Ilsuiw (Shoals:3)
  3 azure jellies (Slime:5)
  16 frost giants
  8 balrugs
  26 fire giants
  10 vault wardens
  A cacodemon (Dis:2)
  9 emperor scorpions
  A ghost moth (Spider:4)
  2 draconian scorchers
  Louise (Elf:2)
  5 curse skulls
  5 ghouls
  5 iron dragons
  2 elemental wellsprings
  4 deep elf elementalists (Elf:3)
  A draconian stormcaller (Depths:5)
  7 war gargoyles
  30 very ugly things
  45 stone giants
  8 ironheart preservers
  6 spriggan defenders
  35 reapers
  24 vampire knights
  3 yellow draconians
  8 deep elf demonologists
  A green draconian (Hell)
  3 entropy weavers
  A white draconian (Depths:5)
  4 deep elf annihilators (Elf:3)
  A black draconian (Depths:5)
  3 purple draconians
  Snorg (Lair:5)
  9 spark wasps
  2 red draconians
  4 eidola
  10 blizzard demons
  12 ettins
  9 deep elf death magi
  9 death oozes
  10 jiangshi
  2 merfolk javelineers (Shoals:4)
  2 crystal guardians
  A kraken zombie (Coc:1)
  12 yaktaur captains
  7 merfolk impalers
  12 fire dragons
  7 deep elf high priests
  Josephine (D:11)
  5 quicksilver dragon zombies
  9 great orbs of eyes
  2 large abominations
  19 ogre magi
  A quicksilver dragon skeleton (Geh:7)
  3 rakshasas
  26 vault guards
  4 hydras
  25 ice dragons
  6 spriggan air magi
  An alligator snapping turtle (Shoals:1)
  A catoblepas (Lair:4)
  7 centaur warriors
  8 merfolk avatars
  6 merfolk aquamancers
  3 tengu warriors
  86 two-headed ogres
  An anaconda (shapeshifter) (Depths:4)
  28 dancing weapons
  4 death knights
  2 orc high priests
  9 vampire magi
  11 deep troll shamans
  A small abomination (Elf:3)
  16 deep troll earth magi
  10 spriggan berserkers
  22 deep elf knights
  24 hell hogs
  7 titan zombies
  A shock serpent (shapeshifter) (Depths:3)
  Sonja (D:12)
  14 sun demons
  10 storm dragon zombies
  9 soul eaters
  7 titan skeletons
  6 iron golems
  2 ghost moth zombies
  A wretched star (Abyss:2)
  An entropy weaver zombie (Vaults:2)
  139 skeletal warriors
  2 storm dragon skeletons
  3 golden dragon zombies
  24 hell knights
  20 sea snakes
  5 shadow wraiths
  14 anaconda zombies
  2 glowing orange brains (Vaults:1)
  4 unseen horrors
  4 wizards
  28 deep trolls
  22 deep elf archers
  16 flayed ghosts
  4 shadow demons
  3 shadow dragon zombies
  An iron giant skeleton (Crypt:2)
  A swamp dragon (shapeshifter) (Depths:4)
  4 golden dragon skeletons
  25 phantasmal warriors
  7 orc knights
  21 harpies
  4 iron dragon zombies
  4 ironbrand convokers
  9 necromancers
  3 anaconda skeletons
  3 frost giant zombies
  25 orb spiders
  9 fauns
  66 deep elf magi
  3 shining eyes
  4 orc sorcerers
  4 moths of wrath
  2 shadow dragon skeletons
  7 stone giant zombies
  24 wolf spiders
  6 cyclopes
  52 ugly things
  4 elephants
  2 salamanders (shapeshifter)
  15 manticores
  4 fire giant zombies
  A guardian serpent (shapeshifter) (D:14)
  A naga mage (D:15)
  A dire elephant zombie (Dis:7)
  4 water nymphs
  6 fire giant skeletons
  12 merfolk sirens
  4 iron dragon skeletons
  4 smoke demons
  4 frost giant skeletons
  2 black mambas (shapeshifter)
  3 stone giant skeletons
  6 centaur zombies
  9 black mambas
  A titan simulacrum (Depths:2)
  12 rust devils
  14 vault sentinels
  A water nymph (shapeshifter) (Vaults:4)
  3 ice statues
  11 spiny frogs
  A shock serpent zombie (Dis:7)
  7 human zombies
  3 eyes of devastation
  6 gargoyles
  5 torpor snails
  3 orange demons (Hell)
  2 catoblepas zombies
  3 spiny frogs (shapeshifter)
  40 yaktaurs
  8 hellions
  7 molten gargoyles
  4 dire elephant skeletons
  3 rime drakes
  9 demonic crawlers
  2 iron troll zombies (Crypt:2)
  7 efreet
  An anaconda simulacrum (Coc:1)
  25 freezing wraiths
  27 tormentors
  A kobold demonologist (D:12)
  57 ice devils
  8 komodo dragons
  A yellow draconian skeleton (Crypt:3)
  A queen ant zombie (Crypt:1)
  A yaktaur skeleton (Vaults:4)
  A guardian mummy (Crypt:1)
  4 human skeletons
  A komodo dragon (shapeshifter) (Depths:4)
  3 harpy zombies
  14 red devils
  27 merfolk
  A silent spectre (Tar:5)
  A merfolk (shapeshifter) (Depths:4)
  11 hydra zombies
  2 meliai (shapeshifter)
  2 trolls (shapeshifter)
  10 trolls
  31 jumping spiders
  9 polar bears
  A tengu conjurer (Depths:2)
  6 wind drakes
  A wolf spider simulacrum (Crypt:1)
  A moth of wrath zombie (Crypt:2)
  64 slime creatures
  A hornet (shapeshifter) (Elf:1)
  11 hornets
  A shadow dragon simulacrum (Coc:7)
  A polar bear (shapeshifter) (Vaults:1)
  A bog body (Crypt:3)
  4 hydra skeletons
  11 snapping turtles
  A tarantella zombie (Crypt:1)
  A raiju (shapeshifter) (D:14)
  12 blink frogs
  3 harpy skeletons
  13 hippogriffs
  5 ettin zombies
  3 human simulacra
  4 fire dragon zombies
  A fire giant simulacrum (Coc:4)
  2 stone giant simulacra
  4 ice dragon zombies
  A dream sheep (shapeshifter) (Vaults:5)
  8 alligator zombies
  96 redbacks
  6 ice dragon skeletons
  An ettin skeleton (Coc:7)
  An air elemental (Elf:2)
  93 flying skulls
  A frost giant simulacrum (Depths:1)
  21 water elementals
  An alligator skeleton (Coc:1)
  8 spriggans
  17 yaks
  22 tarantellas
  Sigmund (D:3)
  14 shadows
  44 wraiths
  2 fire dragon skeletons
  2 vampires
  15 fire elementals
  A yak (shapeshifter) (D:15)
  A human (shapeshifter) (Depths:1)
  8 wyverns
  A basilisk (shapeshifter) (Vaults:1)
  A hog (shapeshifter) (Depths:1)
  4 basilisks
  5 vampire mosquitoes
  A steam dragon (Lair:5)
  2 black mamba skeletons
  4 hungry ghosts
  7 wargs
  A hydra simulacrum (Coc:7)
  A deep troll zombie (Vaults:4)
  11 water moccasins
  2 acid dragons (D:14)
  A torturous demonspawn zombie (Coc:7)
  46 hell hounds
  A merfolk zombie (Geh:3)
  9 spiny frog zombies
  3 spatial vortices (Tar:7)
  A floating eye (shapeshifter) (Vaults:5)
  6 porcupines
  A hornet zombie (Crypt:3)
  3 snapping turtle zombies
  A swamp drake (D:11)
  2 alligator simulacra
  10 ice beasts
  27 orc warriors
  3 black bears
  13 necrophages
  A manticore zombie (Coc:6)
  8 phantoms
  3 eyes of draining
  A blink frog zombie (Crypt:3)
  7 sky beasts
  2 spiny frog skeletons
  24 centaurs
  55 wolves
  A manticore skeleton (Coc:6)
  60 ogres
  4 snapping turtle skeletons
  3 swamp dragon skeletons
  5 boggarts (Depths:2)
  2 elf simulacra
  16 crocodiles
  A rime drake skeleton (Crypt:3)
  An octopode zombie (Crypt:1)
  3 big kobolds
  8 gnoll sergeants (Bailey)
  16 bullfrogs
  A wyvern zombie (D:8)
  2 earth elementals
  An elf skeleton (Geh:4)
  A spiny frog simulacrum (Coc:7)
  2 wyvern skeletons
  6 scorpions
  A cyclops skeleton (Crypt:1)
  8 killer bees
  87 wights
  12 electric eels
  2 spriggan skeletons
  4 howler monkeys
  2 crimson imps
  5 bullfrog zombies
  A quasit (D:6)
  22 orc priests
  A black bear zombie (Crypt:2)
  14 iron imps
  8 jellies
  7 centaur skeletons
  15 hounds
  7 gnoll shamans
  3 bullfrog skeletons
  7 iguanas
  21 orc wizards
  A porcupine skeleton (Crypt:1)
  17 hell rats (Hell)
  7 worker ants
  A killer bee zombie (D:7)
  An ogre zombie (Coc:1)
  A tengu skeleton (Geh:2)
  A hound skeleton (D:6)
  11 mummies
  A howler monkey zombie (Crypt:2)
  2 worker ant zombies
  20 gnolls
  14 adders
  A howler monkey skeleton (D:5)
  9 shadow imps
  24 white imps
  8 oozes
  2 adder zombies (D:8)
  An adder skeleton (D:4)
  A worm (shapeshifter) (Vaults:5)
  2 worms (D:2)
  3 dart slugs
  8 leopard geckos
  109 orcs
  7 giant cockroaches
  9 goblins
  6 hobgoblins
  13 jackals
  3 quokkas
  A river rat zombie (Crypt:3)
  A ball python (D:3)
  6 bats
  4 frilled lizards
  21 kobolds
  A leopard gecko zombie (D:8)
  A quokka skeleton (D:4)
  A quokka zombie (Crypt:2)
  6 rats
  A rat zombie (Crypt:3)
  4 crawling corpses
  2 fire vortices
  A fungus (Lair:4)
  A macabre mass (Depths:4)
  6 plants
  5 tentacles
3490 creatures vanquished.

Vanquished Creatures (collateral kills)
  A hydra (Lair:5)
  A shining eye (Slime:4)
2 creatures vanquished.

Vanquished Creatures (others)
  A deep elf master archer (Hell)
  2 eldritch tentacles
  An elemental wellspring (Coc:7)
  A deep elf annihilator (Geh:7)
  A jiangshi (Depths:3)
  An ogre mage (Depths:1)
  2 hell hogs
  A deep elf knight (Geh:7)
  A deep elf mage (Elf:1)
  A naga mage (D:15)
  A yaktaur (Vaults:2)
  A shadow (Geh:2)
  A redback (Spider:2)
  A water elemental (Elf:2)
  A spiny frog skeleton (Hell)
  An ogre (Depths:1)
  A necrophage (Geh:2)
  5 wights
  2 white imps
  An orc (Vaults:5)
  A kobold skeleton (Geh:4)
  A bush (Lair:4)
  23 fungi
  21 plants
  16 tentacles
  4 toadstools (D:1)
  21 withered plants (Crypt:2)
114 creatures vanquished.

Grand Total: 3606 creatures vanquished

Levels and vault maps discovered:
D:1:      ldierk_walled_garden_2, layout_basic, serial_corexii_hall,
          corexii_hall_statues_i, corexii_hall_statues_u,
          hangedman_feature_mirror
D:2:      minmay_chambers_of_twos, layout_loops_ring,
          chequers_ecumenical_altar_simple_redux, minmay_statues_item,
          minmay_tetromino_o2
D:3:      layout_loops_cross, uniq_sigmund
D:4:      layout_rooms
D:5:      layout_loops_ring, first_ration
D:6:      layout_basic, minmay_temple_entry_stoned_glass
D:7:      layout_rooms, elyvilon_altar_5
D:8:      layout_rooms, nicolae_gozag_cash_rules_everything_around_me,
          erik_lair_island
D:9:      layout_cave_pools, chequers_temple_overflow_minitemple,
          hangedman_little_slice_of_home
D:10:     layout_basic, enter_bailey_3
D:11:     layout_cave_pods, erik_orc_1, uniq_josephine
D:12:     layout_cave_pools, uniq_sonja
D:13:     layout_long_grid, david_vaults_1
D:14:     layout_gridville, chequers_serial_rivers_small_b, minivault_24
D:15:     grunt_enter_depths_magical_seal, layout_small_grid, serial_shops,
          nicolae_shop_statue_plus, dk_noncrumbling_3, st_stairs_1
Temple:   regret_index_temple_generic_petals
Lair:1:   layout_roguey
Lair:2:   layout_long_grid, spider_nest_entry_rubble
Lair:3:   layout_cave_pods, serial_bayou_pond_b, serial_bayou_shore_b
Lair:4:   layout_loops_ring, elwin_shoals_entry_rooms,
          chequers_serial_rivers_micro_c, grunt_megastairs_4,
          serial_bayou_shore_b, minmay_lair_oklob_chamber,
          infiniplex_staircase_pool, uniq_rupert
Lair:5:   layout_long_grid, uniq_snorg
Lair:6:   gammafunk_lair_ancient_temple, layout_regular_city, slime_altar_1,
          grunt_forest_large_clearings
Shoals:1: layout_shoals
Shoals:2: layout_shoals, serial_shops, shop_fountains
Shoals:3: layout_shoals, overgrown_hall, uniq_ilsuiw
Shoals:4: shoals_end_simple, layout_shoals, shoals_ilsuiw_ice, serial_shops,
          shop_statue, uniq_mara
Spider:1: layout_chambers, guppyfry_spider_mini_2
Spider:2: layout_spider_delve, nicolae_spider_cling_halls
Spider:3: layout_spider_delve, nicolae_spider_circle_web, drop_trap,
          guppyfry_spider_mini_3
Spider:4: grunt_spider_rune_circles
Slime:1:  layout_caves
Slime:2:  layout_caves
Slime:3:  layout_caves
Slime:4:  layout_caves
Slime:5
Orc:1:    layout_caves, minmay_orc_temple_c
Orc:2:    st_orc_ogre_mass, layout_diamond_mine
Elf:1:    eino_elf_arrival_altar, layout_loops_cross, serial_shops,
          nicolae_shop_behind_doors, minmay_elf_demonology,
          serial_sigils_hangedman_snap
Elf:2:    layout_geoelf_grid, serial_shops, shop_fountains, glass_columns_c,
          nicolae_elf_big_sculpture_1, evilmike_spriggan_trog_shrine,
          uniq_louise
Elf:3:    minmay_elf_hall_not_hex, layout_geoelf_grid, minmay_shoptagon
Vaults:1: hangedman_vaults_pinch, vaults_dpeg_cross,
          hangedman_vaults_river_flow, v_misc_5, st_spiral_rooms,
          vaults_mumra_hexcomb, vaults_room_hallway,
          hangedman_vaults_corner_blocks, v_misc_8, nicolae_vaults_angled_halls,
          layout_vaults_ring, uniq_donald
Vaults:2: ontoclasm_vaults_ring_small, ontoclasm_vaults_bender, v_rooms_5,
          minmay_crypt_entry_simple_plaza, hangedman_vaults_trim, v_rooms_2,
          v_misc_5, v_misc_10, nicolae_vaults_specimen_jars,
          hangedman_vaults_nails, v_misc_24, vaults_room_hangedman_quadrants,
          vaults_room_door_ring, ontoclasm_vaults_hangar, layout_vaults_omnibox
Vaults:3: vaults_room_door_hall, vaults_dpeg_diagonal, v_misc_17,
          vaults_mumra_hex, layout_vaults_omnigrid, serial_shops, shop, shop
Vaults:4: ebering_vaults_ghost_reflecting_pool, v_misc_30,
          ontoclasm_vaults_decontamination, ontoclasm_vaults_shout,
          dpeg_vaults_monster_box, nicolae_vaults_rhombus_6,
          ontoclasm_vaults_pinch, vaults_mumra_chevron, vaults_room_octagon,
          nicolae_vaults_diagonal_hallway_6, vaults_dpeg_hooks,
          nicolae_vaults_diagonal_hallway_6, layout_vaults_maze, serial_shops,
          nicolae_shop_trees
Vaults:5: serial_shops
Crypt:1:  layout_gridlike, minivault_4, grunt_crypt_arrival_guarded_gate
Crypt:2:  layout_basic, minivault_23, grunt_ministairs_5, st_stairs_12,
          minivault_23, corexii_leaking_fountain, minigarden_bobbens,
          uniq_khufu, uniq_frederick, uniq_xtahua
Crypt:3:  church_of_pain_bobbens, layout_chaotic_city,
          tomb_entry_forgotten_bobbens, uniq_margery, uniq_sojobo
Depths:1: layout_big_octagon, abyss_entry_small_statue_room, lightli_too_deep,
          minmay_misc_feat_roman, serial_bayou_crossing
Depths:2: minmay_open_boxes_in_corner, layout_gridville, hell_entry,
          gammafunk_ghost_arena, minmay_misc_feat_square, minmay_shop_star
Depths:3: hangedman_grunt_twisty_little_passages, layout_basic,
          enter_ziggurat_a, serial_shops, shop, pan_entry, hell_entry,
          chequers_serial_rivers_room_a
Depths:4: minmay_inside_and_out, layout_gridville, abyss_entry, hell_entry,
          serial_shops, kennysheep_mini_moat, minmay_misc_feat_diagonals,
          grunt_megastairs_1, infiniplex_staircase_zigzag_4
Depths:5: grunt_x_marks_the_spot, layout_cave_pools, bh_walls_and_bars,
          serial_shops, nicolae_shop_behind_doors,
          nicolae_abyss_entry_one_way_or_another, hell_entry, uniq_enchantress
Hell
Dis:1:    layout_gridville
Dis:2:    layout_subdivisions
Dis:3:    layout_subdivisions
Dis:4:    layout_subdivisions
Dis:5:    lightli_tower_of_babel, layout_chaotic_city
Dis:6:    layout_regular_city
Dis:7:    dis_grunt_layers
Geh:1:    layout_gehenna_lava_caves
Geh:2:    layout_gehenna_pools_basic
Geh:3:    layout_gehenna_pools_box, lemuel_elevator
Geh:4:    layout_gehenna_pools_basic, evilmike_ambush
          [evilmike_ambush_outer_corners, evilmike_ambush_inner_basic]
Geh:5:    layout_gehenna_pools_triple
Geh:6:    layout_gehenna_lava_caves
Geh:7:    geh_hangedman
Coc:1:    layout_cocytus_water_paths
Coc:2:    layout_cocytus_water_paths
Coc:3:    layout_ice_bergs
Coc:4:    layout_ice_bergs
Coc:5:    layout_cocytus_water_paths
Coc:6:    layout_cocytus_water_paths
Coc:7:    coc_mu
Tar:1:    layout_grid_maze
Tar:2:    layout_grid_maze, nicolae_tar_cuneiform_not
Tar:3:    layout_honeycomb, nicolae_tar_cuneiform_oil,
          nicolae_tar_cuneiform_bread, nicolae_tar_cuneiform_two,
          nicolae_tar_cuneiform_heaven
Tar:4:    layout_grid_maze
Tar:5:    layout_honeycomb, nicolae_tar_cuneiform_heaven,
          nicolae_tar_cuneiform_not, nicolae_tar_cuneiform_two
Tar:6:    grunt_deathspiral_small, layout_cathedral_of_symmetry
Tar:7:    tar_mu [tar_mu_maze]
Abyss:2
Bailey:   bailey_polearm_gnolls_kennysheep, bailey


Message History

The skeletal warrior misses you.
You feel much better.
You constrict the skeletal warrior, but do no damage.
The Hell Sentinel hits you but does no damage. x2
You slash the Hell Sentinel!
The Hell Sentinel convulses!
The Hell Sentinel is moderately wounded.
You hit the skeletal warrior but do no damage.
You constrict the skeletal warrior, but do no damage.
You slash the Hell Sentinel!
The Hell Sentinel convulses!
The Hell Sentinel is moderately wounded.
You slice the skeletal warrior!!
The skeletal warrior convulses!!
You destroy the skeletal warrior!
The Shining One accepts your kill.
You are struck by the Hell Sentinel's spines.
* * * LOW HITPOINT WARNING * * *
You hit the Hell Sentinel.
The Hell Sentinel convulses.
The Hell Sentinel is moderately wounded.
The Hell Sentinel gestures at you.
The sphere of damnation explodes!
The damnation engulfs you!!!
You die...

Notes
Turn   | Place    | Note
-------+----------+-------------------------------------------
     0 | D:1      | Orphidia the Naga Venom Mage began the quest for the Orb.
     0 | D:1      | Reached XP level 1. HP: 15/15 MP: 3/3
   113 | D:1      | Reached XP level 2. HP: 22/22 MP: 1/5
   118 | D:1      | Learned a level 2 spell: Poisonous Vapours
   324 | D:1      | Reached skill level 5 in Poison Magic
   557 | D:1      | Reached XP level 3. HP: 28/28 MP: 3/6
  1376 | D:2      | Found a faded altar of an unknown god.
  1401 | D:2      | Reached XP level 4. HP: 36/36 MP: 4/7
  2491 | D:3      | Reached XP level 5. HP: 42/42 MP: 8/8
  2497 | D:3      | Learned a level 4 spell: Olgreb's Toxic Radiance
  2688 | D:3      | Noticed Sigmund
  2819 | D:3      | Killed Sigmund
  2819 | D:3      | Reached XP level 6. HP: 34/49 MP: 1/10
  3549 | D:4      | Reached XP level 7. HP: 55/55 MP: 5/12
  3666 | D:4      | Learned a level 3 spell: Mephitic Cloud
  3696 | D:5      | Entered Level 5 of the Dungeon
  3970 | D:5      | Noticed a hippogriff
  3980 | D:5      | Killed a hippogriff
  3980 | D:5      | Reached skill level 5 in Spellcasting
  4082 | D:5      | Reached XP level 8. HP: 20/62 MP: 4/16
  4343 | D:5      | Reached skill level 1 in Fighting
  5047 | D:6      | Found a staircase to the Ecumenical Temple.
  5057 | Temple   | Entered the Ecumenical Temple
  5232 | Temple   | Became a worshipper of Warmaster Okawaru
  5398 | D:6      | Reached skill level 1 in Invocations
  5577 | D:6      | Reached skill level 5 in Fighting
  5843 | D:7      | Reached XP level 9. HP: 38/82 MP: 15/18
  5899 | D:7      | Reached * piety under Okawaru
  6355 | D:7      | Reached skill level 5 in Invocations
  6455 | D:7      | Reached ** piety under Okawaru
  6620 | D:8      | Found an opulent altar of Gozag.
  7012 | D:8      | Reached skill level 5 in Dodging
  7012 | D:8      | Reached XP level 10. HP: 48/91 MP: 12/19
  7280 | D:8      | Found a staircase to the Lair.
  7476 | D:8      | Reached *** piety under Okawaru
  7744 | D:8      | You fall through a shaft!
  7744 | D:9      | Found a deep blue altar of Sif Muna.
  7744 | D:9      | Found a shimmering altar of Xom.
  7744 | D:9      | Found an ornate altar of the Wu Jian Council.
  7744 | D:9      | Found a shattered altar of Ashenzari.
  7745 | D:9      | Found a hide-covered altar of Uskayaw.
  8617 | D:9      | Reached **** piety under Okawaru
  9056 | D:10     | Entered Level 10 of the Dungeon
  9081 | D:10     | Found a flagged portal.
  9086 | Bailey   | Entered a bailey
  9114 | Bailey   | Learned a level 5 spell: Venom Bolt
  9512 | Bailey   | Reached XP level 11. HP: 67/97 MP: 5/20
  9877 | D:10     | Reached skill level 5 in Conjurations
 10592 | D:11     | Noticed a white ugly thing
 10604 | D:11     | Killed a white ugly thing
 10808 | D:11     | Reached ***** piety under Okawaru
 10809 | D:11     | Reached skill level 1 in Evocations
 11183 | D:11     | Found a staircase to the Orcish Mines.
 11759 | D:11     | Noticed Josephine
 11782 | D:11     | Killed Josephine
 11784 | D:11     | Reached skill level 5 in Evocations
 11799 | D:11     | Received a gift from Okawaru
 12175 | D:11     | Reached XP level 12. HP: 108/108 MP: 21/21
 12576 | D:12     | Noticed Sonja
 12621 | D:12     | Killed Sonja
 12660 | D:12     | Noticed a two-headed ogre
 12669 | D:12     | Killed a two-headed ogre
 13566 | Lair:1   | Entered Level 1 of the Lair of Beasts
 14867 | Lair:1   | Noticed a seven-headed hydra
 15530 | Lair:2   | Gained mutation: You can use your snake-like lower body to
                  | constrict enemies. [Naga growth]
 15530 | Lair:2   | Reached XP level 13. HP: 104/119 MP: 20/25
 15916 | Lair:2   | Found a hole to the Spider Nest.
 17030 | Lair:4   | Received a gift from Okawaru
 17188 | Lair:4   | Found a staircase to the Shoals.
 17215 | Lair:4   | Noticed Rupert
 17247 | Lair:4   | Reached skill level 10 in Fighting
 19077 | Lair:4   | You fall through a shaft!
 19269 | Lair:4   | Received a gift from Okawaru
 19442 | Lair:5   | Got a fine leather armour
 19453 | Lair:5   | Identified the +3 leather armour of Nammy {rF+ Str+5} (You
                  | found it on level 5 of the Lair of Beasts)
 19638 | Lair:5   | Noticed Snorg
 19643 | Lair:5   | Killed Snorg
 20065 | Orc:1    | Entered Level 1 of the Orcish Mines
 20611 | Orc:1    | Reached skill level 10 in Dodging
 20865 | Orc:1    | Reached XP level 14. HP: 138/138 MP: 11/27
 20949 | Orc:1    | Found a roughly hewn altar of Beogh.
 21384 | Orc:2    | Entered Level 2 of the Orcish Mines
 21454 | Orc:2    | Received a gift from Okawaru
 21488 | Orc:2    | Received a gift from Okawaru
 21685 | Orc:2    | Found Kafoix's Book Shop.
 21685 | Orc:2    | Found Dohonta's Antique Armour Emporium.
 21694 | Orc:2    | Found Gipsa's Armour Boutique.
 21694 | Orc:2    | Found Cuzi's Gadget Emporium.
 21710 | Orc:2    | Bought the +9 ring mail of the Spider Nest {rN++ Regen+}
                  | for 864 gold pieces
 21848 | Orc:2    | Found a staircase to the Elven Halls.
 22608 | D:13     | Reached skill level 1 in Armour
 22641 | D:13     | Reached ****** piety under Okawaru
 22703 | D:13     | Found a gate to the Vaults.
 22968 | D:13     | Received a gift from Okawaru
 22975 | D:13     | Got a slimy dagger {god gift}
 22976 | D:13     | Identified the +5 dagger "Urechox" {god gift, drain, *Noise
                  | Dex+7 Stlth+} (Okawaru gifted it to you on level 13 of the
                  | Dungeon)
 24072 | D:14     | Reached skill level 5 in Armour
 24072 | D:14     | Reached XP level 15. HP: 81/144 MP: 28/28
 24641 | D:15     | Entered Level 15 of the Dungeon
 25301 | D:15     | Found Uculeoh's General Store.
 25440 | D:15     | Received a gift from Okawaru
 25460 | D:15     | Got an ancient naga barding {god gift}
 25466 | D:15     | Identified the +2 naga barding "Gunitap" {god gift, MR+
                  | Regen+} (Okawaru gifted it to you on level 15 of the
                  | Dungeon)
 26067 | D:15     | Found a staircase to the Depths.
 26297 | Spider:1 | Entered Level 1 of the Spider Nest
 26463 | Spider:1 | Reached skill level 1 in Axes
 26797 | Spider:1 | Reached skill level 5 in Axes
 26926 | Spider:1 | Received a gift from Okawaru
 26944 | Spider:1 | Reached XP level 16. HP: 123/152 MP: 13/29
 28392 | Spider:2 | You fall through a shaft!
 28500 | Spider:2 | Reached skill level 10 in Axes
 28909 | Spider:3 | Received a gift from Okawaru
 29532 | Spider:4 | Entered Level 4 of the Spider Nest
 29737 | Spider:4 | Received a gift from Okawaru
 30355 | Spider:4 | Reached XP level 17. HP: 159/159 MP: 21/30
 30418 | Spider:4 | Received a gift from Okawaru
 30680 | Spider:4 | Got a gossamer rune of Zot
 30891 | Spider:4 | Learned a level 2 spell: Blink
 30895 | Spider:4 | Learned a level 3 spell: Conjure Flame
 31738 | Lair:6   | Entered Level 6 of the Lair of Beasts
 31931 | Lair:6   | Received a gift from Okawaru
 32175 | Lair:6   | Reached skill level 15 in Axes
 32365 | Lair:6   | Found a staircase to the Slime Pits.
 32366 | Lair:6   | Found a viscous altar of Jiyva.
 33006 | Vaults:1 | Entered Level 1 of the Vaults
 33111 | Vaults:1 | Received a gift from Okawaru
 33113 | Vaults:1 | Got a distressingly furry naga barding {god gift}
 33124 | Vaults:1 | Identified the +0 naga barding "Apur" {god gift, rCorr}
                  | (Okawaru gifted it to you on level 1 of the Vaults)
 33469 | Vaults:1 | Noticed a sphinx
 33478 | Vaults:1 | Killed a sphinx
 33617 | Vaults:1 | Noticed Donald
 33629 | Vaults:1 | Killed Donald
 33640 | Vaults:1 | Reached XP level 18. HP: 110/168 MP: 23/31
 34255 | Vaults:2 | Noticed a tentacled monstrosity
 34261 | Vaults:2 | Killed a tentacled monstrosity
 34610 | Vaults:2 | Received a gift from Okawaru
 34635 | Vaults:2 | Got a translucent naga barding {god gift}
 34653 | Vaults:2 | Identified the +0 naga barding "Wefam" {god gift, Int+3}
                  | (Okawaru gifted it to you on level 2 of the Vaults)
 35045 | Vaults:2 | Found a staircase to the Crypt.
 35766 | Vaults:3 | Received a gift from Okawaru
 35770 | Vaults:3 | Got a scorched naga barding {god gift}
 35785 | Vaults:2 | Identified the +0 naga barding of Impatience {god gift,
                  | Int+2} (Okawaru gifted it to you on level 3 of the Vaults)
 36005 | Vaults:3 | Found Yguesule's Antique Weapon Emporium.
 36210 | Vaults:3 | Reached XP level 19. HP: 172/175 MP: 32/32
 36536 | Vaults:3 | Found Dosmuz's Jewellery Shoppe.
 36554 | Vaults:3 | Bought the amulet of the Four Winds {rN+ MR+++ Clar} for
                  | 746 gold pieces
 36554 | Vaults:3 | Found the amulet of the Four Winds {rN+ MR+++ Clar}
 36884 | Vaults:4 | Found Wumaph's Antique Weapon Shoppe.
 37517 | Vaults:4 | Reached skill level 10 in Armour
 37586 | Vaults:4 | Received a gift from Okawaru
 37732 | Vaults:4 | Found a runed translucent door.
 37975 | Vaults:4 | Noticed Sudaz's ghost (veteran MiGl)
 38460 | Elf:1    | Entered Level 1 of the Elven Halls
 38522 | Elf:1    | Found a radiant altar of Vehumet.
 38702 | Elf:1    | Received a gift from Okawaru
 38703 | Elf:1    | Found the +4 dagger "Morg" {god gift, pain, MR+ Int+5}
 38895 | Elf:1    | Reached XP level 20. HP: 189/189 MP: 33/33
 38911 | Elf:1    | You fall through a shaft!
 39007 | Elf:1    | Found Ruiliopp's Jewellery Shop.
 39051 | Elf:1    | Noticed a Tzitzimitl
 39250 | Elf:1    | Identified the Tome of the Entourage
 39780 | Elf:2    | Found a bloodstained altar of Trog.
 39831 | Elf:2    | Got a slimy pewter ring
 39833 | Elf:2    | Identified the ring "Kituech" {rCorr Stlth+} (You found it
                  | on level 2 of the Elven Halls)
 39881 | Elf:2    | Learned a level 3 spell: Lesser Beckoning
 39919 | Elf:2    | Found Bekes's Antique Weapon Boutique.
 40147 | Elf:2    | Found a huge runed translucent gate.
 40147 | Elf:2    | Found a huge runed translucent gate.
 40147 | Elf:2    | Found a huge runed translucent gate.
 40148 | Elf:2    | Found a huge runed translucent gate.
 40148 | Elf:2    | Found a huge runed translucent gate.
 40284 | Elf:2    | Received a gift from Okawaru
 40286 | Elf:2    | Got a fine scale mail {god gift}
 40363 | Elf:2    | Identified the +5 scale mail "Igun" {god gift, rPois
                  | Regen+} (Okawaru gifted it to you on level 2 of the Elven
                  | Halls)
 40483 | Elf:2    | Noticed Louise
 40510 | Elf:2    | Killed Louise
 40715 | Elf:3    | Entered Level 3 of the Elven Halls
 40804 | Elf:3    | Found Teinifud's Weapon Boutique.
 40806 | Elf:3    | Found Hikatuas's Gadget Shop.
 40806 | Elf:3    | Found Lyngul's Armour Boutique.
 40811 | Elf:3    | Found Fyvem's Food Shop.
 41344 | Elf:3    | Reached skill level 15 in Fighting
 41381 | Elf:3    | Identified the +4 leather armour of the Rose {rPois rC-
                  | Str+2 Slay+2}
 41381 | Elf:3    | Identified the ring of the Sparrow {SInv Stlth-}
 41531 | Elf:3    | Identified the +1 ring mail of the Dice {*Corrode rF++
                  | Int+3}
 41555 | Elf:3    | Received a gift from Okawaru
 41556 | Elf:3    | Identified the +5 spear "Atwiott" {freeze, rC+ MR+ Str+4}
 41565 | Elf:3    | Got a transparent battleaxe {god gift}
 41589 | Elf:3    | Identified the +2 robe of Curiosity {rPois MR+ Int-3}
 41601 | Elf:3    | Identified the +4 battleaxe of Odionk {god gift, chop,
                  | rElec rC+++ Str-2 SInv} (Okawaru gifted it to you on level
                  | 3 of the Elven Halls)
 41647 | Elf:3    | Reached XP level 21. HP: 129/201 MP: 34/34
 41708 | Elf:3    | Identified the +3 plate armour "Bophon" {rF++ Dex+2 Stlth+}
 41758 | Elf:3    | Identified the Collected Works on the Doomed Escort
 41852 | Elf:3    | Identified a scroll of acquirement
 41853 | Elf:3    | Got a twisted naga barding
 41864 | Elf:3    | Identified the +7 naga barding "Wack" {rF+++ Int+8} (You
                  | acquired it on level 3 of the Elven Halls)
 41864 | Elf:3    | well... that's certainly better than any of oka's gifts
 42293 | Crypt:1  | Entered Level 1 of the Crypt
 42451 | Crypt:1  | HP: 4/200 [shadow wraith[a curse skull] (20)]
 42668 | Crypt:1  | Received a gift from Okawaru
 43883 | Crypt:2  | Received a gift from Okawaru
 43885 | Crypt:2  | Reached skill level 15 in Armour
 43897 | Crypt:2  | Reached skill level 1 in Air Magic
 44220 | Crypt:2  | Noticed Xtahua
 44252 | Crypt:2  | Killed Xtahua
 44474 | Crypt:2  | Reached skill level 10 in Spellcasting
 44529 | Crypt:2  | Reached skill level 5 in Air Magic
 44629 | Crypt:2  | Noticed Frederick
 44644 | Crypt:2  | Killed Frederick
 44891 | Crypt:2  | Received a gift from Okawaru
 44899 | Crypt:2  | Reached XP level 22. HP: 191/210 MP: 36/36
 45234 | Crypt:2  | Noticed a greater mummy
 45245 | Crypt:2  | Noticed Khufu
 45256 | Crypt:2  | Killed a greater mummy
 46615 | Crypt:3  | Entered Level 3 of the Crypt
 46836 | Crypt:3  | Found a staircase to the Tomb.
 46882 | Crypt:3  | Received a gift from Okawaru
 46929 | Crypt:3  | Noticed Margery
 46939 | Crypt:3  | Killed Margery
 47100 | Crypt:3  | Noticed an ancient lich
 47125 | Crypt:3  | Killed an ancient lich
 47478 | Crypt:3  | Received a gift from Okawaru
 47700 | Crypt:3  | Reached skill level 10 in Air Magic
 47703 | Crypt:3  | Found an ancient bone altar of Kikubaaqudgha.
 47741 | Crypt:3  | Identified the ring "Riddegua" {rN+ Str+5 Int-2 SInv
                  | Stlth+}
 47859 | Crypt:3  | Got a slimy jade ring
 47860 | Crypt:3  | Identified the ring of Huomn {+Inv rN+ Int+2 Slay-6} (You
                  | found it on level 3 of the Crypt)
 48318 | Crypt:3  | Paralysed by a vampire knight for 3 turns
 48643 | Crypt:3  | Received a gift from Okawaru
 48746 | Crypt:3  | Noticed Sojobo
 48763 | Crypt:3  | Reached XP level 23. HP: 151/214 MP: 34/40
 48779 | Crypt:3  | Killed Sojobo
 48974 | Crypt:3  | Found the +5 scythe "Finisher" {speed, eviscerate}
 49061 | Crypt:2  | Killed Khufu
 49463 | Shoals:1 | Entered Level 1 of the Shoals
 49497 | Shoals:1 | Learned a level 6 spell: Deflect Missiles
 49570 | Shoals:1 | Reached skill level 1 in Charms
 50292 | Shoals:2 | Received a gift from Okawaru
 50306 | Shoals:2 | Got a slimy helmet {god gift}
 50317 | Shoals:2 | Identified the +2 helmet "Zeydap" {god gift, -Tele rF+++
                  | rCorr} (Okawaru gifted it to you on level 2 of the Shoals)
 50337 | Shoals:2 | Learned a level 5 spell: Silence
 50421 | Shoals:2 | Found Cunyaf's Antique Weapon Shoppe.
 50460 | Shoals:2 | Got a bronze ring mail
 50461 | Shoals:2 | Identified the +3 ring mail "Vixexy" {rN+ MR+} (You found
                  | it on level 2 of the Shoals)
 50803 | Shoals:2 | Reached skill level 5 in Charms
 51167 | Shoals:3 | Noticed Ilsuiw
 51185 | Shoals:3 | Killed Ilsuiw
 51674 | Shoals:4 | Entered Level 4 of the Shoals
 51771 | Shoals:4 | Found Huijov's Magic Scroll Emporium.
 51865 | Shoals:4 | Noticed Mara
 51869 | Shoals:4 | Bought a scroll of enchant weapon for 135 gold pieces
 51869 | Shoals:4 | Bought a scroll of teleportation for 54 gold pieces
 51869 | Shoals:4 | Bought a scroll of teleportation for 54 gold pieces
 51869 | Shoals:4 | Bought a scroll of teleportation for 54 gold pieces
 51878 | Shoals:4 | Killed Mara
 51899 | Shoals:4 | Found the ring of the Octopus King
 51911 | Shoals:4 | Got a ring of the Octopus King
 51913 | Shoals:4 | Identified a ring of the Octopus King {AC+1 EV+1 Str+1
                  | Int+1 Dex+1 Stlth+} (You found it on level 4 of the Shoals)
 52628 | Shoals:4 | Got a barnacled rune of Zot
 52838 | Shoals:4 | Received a gift from Okawaru
 53387 | Lair:4   | Killed Rupert
 53748 | Depths:1 | Entered Level 1 of the Depths
 53763 | Depths:1 | Learned a level 6 spell: Freezing Cloud
 53789 | Depths:1 | Reached XP level 24. HP: 225/225 MP: 36/40
 54289 | Depths:1 | Found a one-way gate to the infinite horrors of the Abyss.
 54579 | Depths:1 | Found a gateway to Hell.
 54921 | Depths:2 | Found a transporter.
 54925 | Depths:2 | Noticed EnegeticOcto's ghost (veteran HuGl)
 54964 | Depths:2 | Found a transporter.
 55204 | Depths:2 | Found Cushrene's Food Shop.
 55208 | Depths:2 | Found Doceogg's Distillery.
 55209 | Depths:2 | Found Wabot's Assorted Antiques.
 55217 | Depths:2 | Bought a potion of heal wounds for 155 gold pieces
 55217 | Depths:2 | Bought a potion of haste for 310 gold pieces
 55217 | Depths:2 | Bought a scroll of teleportation for 93 gold pieces
 55217 | Depths:2 | Bought a papyrus book for 465 gold pieces
 55219 | Depths:2 | Bought a potion of heal wounds for 75 gold pieces
 55219 | Depths:2 | Bought a potion of curing for 45 gold pieces
 55219 | Depths:2 | Bought a potion of haste for 150 gold pieces
 55219 | Depths:2 | Bought a potion of curing for 45 gold pieces
 55219 | Depths:2 | Bought a potion of might for 60 gold pieces
 55565 | Depths:2 | Received a gift from Okawaru
 55586 | Depths:2 | Got an ancient battleaxe {god gift}
 55587 | Depths:2 | Identified the +1 battleaxe of Qapauh {god gift, chop, rN+
                  | Int+3 Stlth+} (Okawaru gifted it to you on level 2 of the
                  | Depths)
 56082 | Depths:3 | Found a gateway to a ziggurat.
 56899 | Depths:3 | Received a gift from Okawaru
 56899 | Depths:3 | Reached XP level 25. HP: 205/232 MP: 36/40
 56946 | Depths:3 | Identified the +10 flail "Newtbane" {crush, *Drain rElec
                  | SInv}
 57811 | Depths:3 | Found Ymiox's Jewellery Shop.
 57820 | Depths:3 | Found a one-way gate leading to the halls of Pandemonium.
 58821 | Depths:5 | Entered Level 5 of the Depths
 59368 | Depths:4 | Received a gift from Okawaru
 59535 | Depths:4 | Got a shimmering battleaxe {god gift}
 59536 | Depths:4 | Identified the +8 battleaxe of Bloodstone {god gift, pain,
                  | Str+5} (Okawaru gifted it to you on level 4 of the Depths)
 59666 | Depths:4 | Found Jootor's Distillery.
 59676 | Depths:4 | Bought a potion of heal wounds for 80 gold pieces
 59676 | Depths:4 | Bought 2 potions of haste for 320 gold pieces
 59676 | Depths:4 | Bought a potion of haste for 160 gold pieces
 59676 | Depths:4 | Bought a potion of curing for 48 gold pieces
 60160 | Depths:4 | Reached XP level 26. HP: 241/241 MP: 40/40
 60301 | Depths:5 | Identified the +7 faerie dragon scales {rElec rPois rCorr
                  | Dex+3}
 60301 | Depths:5 | Noticed the Enchantress
 60312 | Depths:5 | Killed the Enchantress
 60545 | Depths:5 | Found a gate to the Realm of Zot.
 60555 | Depths:5 | Received a gift from Okawaru
 60976 | Depths:5 | Found Lidwijisk's Jewellery Emporium.
 61542 | Depths:5 | Learned a level 9 spell: Tornado
 62128 | Vaults:5 | Entered Level 5 of the Vaults
 62136 | Vaults:5 | Reached skill level 15 in Air Magic
 63235 | Vaults:5 | Got a silver rune of Zot
 63366 | Vaults:5 | Received a gift from Okawaru
 63383 | Vaults:5 | Got a pair of translucent gloves {god gift}
 63384 | Vaults:5 | Identified the +0 pair of gloves "Reuzauj" {god gift, rElec
                  | rC- Int+4 Dex+4} (Okawaru gifted it to you on level 5 of
                  | the Vaults)
 63708 | Vaults:5 | Found the +15 Maxwell's patent armour {-Cast -Tele rElec
                  | MR+ rCorr}
 63724 | Vaults:5 | Paralysed by a floating eye for 4 turns
 63892 | Vaults:5 | Reached XP level 27. HP: 241/248 MP: 40/40
 64200 | Vaults:5 | Noticed an ancient lich
 64207 | Vaults:5 | Killed an ancient lich
 64268 | Vaults:5 | Identified the Catalogue of Fetching Confrontation
 64970 | Vaults:5 | Learned a level 3 spell: Regeneration
 65756 | Slime:1  | Entered Level 1 of the Pits of Slime
 65841 | Slime:4  | Gained mutation: You are weak. (Str -2) [a shining eye]
 66254 | Slime:4  | Received a gift from Okawaru
 66262 | Slime:5  | Entered Level 5 of the Pits of Slime
 66356 | Slime:5  | Found a viscous altar of Jiyva.
 66356 | Slime:5  | Noticed the Royal Jelly
 66380 | Slime:5  | Killed the Royal Jelly
 66951 | Slime:4  | FR: rcorr actually works
 67210 | Slime:5  | Got a diamond-encrusted ring mail
 67211 | Slime:5  | Identified the +2 ring mail "Baqihad" {rPois rC+ Dex+4}
                  | (You found it on level 5 of the Pits of Slime)
 67253 | Slime:5  | Got a slimy rune of Zot
 67275 | Slime:5  | Got a translucent turquoise ring
 67276 | Slime:5  | Identified the ring "Simuff" {rC++ MR+ Stlth+} (You found
                  | it on level 5 of the Pits of Slime)
 67288 | Slime:5  | Got a pair of steaming boots
 67289 | Slime:5  | Identified the +0 pair of boots of the Tundras {+Inv Dex-5
                  | Stlth+} (You found it on level 5 of the Pits of Slime)
 67304 | Slime:5  | Learned a level 1 spell: Apportation
 67307 | Slime:5  | Learned a level 2 spell: Swiftness
 67515 | Lair:1   | Learned a level 5 spell: Lightning Bolt
 67621 | Temple   | Fell from the grace of Okawaru
 67621 | Temple   | Became a worshipper of the Shining One
 67891 | Hell     | Entered the Vestibule of Hell
 67891 | Hell     | Noticed Geryon
 67894 | Hell     | Reached * piety under the Shining One
 68128 | Hell     | Reached ** piety under the Shining One
 68492 | Hell     | Reached *** piety under the Shining One
 68504 | Hell     | Killed Geryon
 68516 | Hell     | Reached skill level 10 in Invocations
 68525 | Hell     | Reached **** piety under the Shining One
 68580 | Hell     | Reached ***** piety under the Shining One
 68629 | Hell     | Found a gateway to the freezing wastes of Cocytus.
 68700 | Hell     | Cast into level 2 of the Abyss (reaper)
 68747 | Hell     | Escaped the Abyss
 68811 | Hell     | Found a gateway to the Iron City of Dis.
 69118 | Hell     | Found a gateway to the ashen valley of Gehenna.
 69144 | Hell     | Reached ****** piety under the Shining One
 69145 | Hell     | Identified a +9 executioner's axe of holy wrath {god gift}
                  | (a +9 executioner's axe of chopping {god gift} blessed by
                  | the Shining One)
 69145 | Hell     | Received a gift from the Shining One
 69241 | Hell     | Found a gateway to the decaying netherworld of Tartarus.
 69905 | Geh:1    | Entered Level 1 of Gehenna
 70796 | Geh:7    | Entered Level 7 of Gehenna
 70822 | Geh:7    | Reached skill level 1 in Translocations
 70973 | Geh:7    | Reached skill level 5 in Translocations
 71144 | Geh:7    | HP: 12/248 [sun demon[the effects of Hell] (20)]
 71422 | Geh:7    | Identified the +7 sceptre of Asmodeus
 71422 | Geh:7    | Noticed Asmodeus
 71457 | Geh:7    | Killed Asmodeus
 71457 | Geh:7    | Reached skill level 10 in Translocations
 71469 | Geh:7    | Got an obsidian rune of Zot
 71753 | Coc:1    | Entered Level 1 of Cocytus
 72067 | Coc:3    | Reached skill level 15 in Spellcasting
 72300 | Coc:4    | Was forgiven by Okawaru
 72656 | Coc:4    | Noticed an ancient lich
 72665 | Coc:4    | Killed an ancient lich
 72690 | Coc:5    | You fall through a shaft!
 72728 | Coc:7    | Entered Level 7 of Cocytus
 73412 | Coc:7    | Noticed Antaeus
 73444 | Coc:7    | Killed Antaeus
 73465 | Coc:7    | Got an icy rune of Zot
 73589 | Tar:1    | Entered Level 1 of Tartarus
 74081 | Tar:6    | You fall through a shaft!
 74081 | Tar:7    | Entered Level 7 of Tartarus
 74081 | Tar:7    | Noticed Ereshkigal
 74114 | Tar:7    | Killed Ereshkigal
 74129 | Tar:7    | Got a bone rune of Zot
 74685 | Dis:1    | Entered Level 1 of the Iron City of Dis
 76024 | Dis:7    | Entered Level 7 of the Iron City of Dis
 76115 | Dis:7    | Killed from afar by a Hell Sentinel
